 Dungeon Crawl Stone Soup version 0.21.1-1-g345015fe64 (webtiles) character file.

38 4FPSwarrior the Unweaver (level 3, -2/29 HPs)
             Began as a Demonspawn Abyssal Knight on Apr 20, 2018.
             Was a Follower of Lugonu.
             Killed by nerve-wracking pain
             ... invoked by Jessica
              (11 damage)
             ... on level 2 of the Dungeon.
             The game lasted 00:04:49 (1529 turns).

4FPSwarrior the Unweaver (DsAK)                     Turns: 1529, Time: 00:04:50

Health: -2/29      AC:  5    Str: 13    XL:     3   Next: 25%
Magic:  5/5        EV: 11    Int: 13    God:    Lugonu [*.....]
Gold:   32         SH:  0    Dex: 12    Spells: 2/2 levels left

rFire    . . .     SeeInvis .   a - +1 falchion
rCold    . . .     Gourm    .   (no shield)
rNeg     . . .     Faith    .   b - +0 leather armour
rPois    .         Spirit   .   (no helmet)
rElec    .         Reflect  .   (no cloak)
rCorr    .         Harm     .   (no gloves)
MR       .....                  (no boots)
Stlth    +.........             (no amulet)
HPRegen  0.09/turn              (no ring)
MPRegen  0.09/turn              (no ring)

@: slowed, very slow
A: iridescent scales 1
a: Depart the Abyss, Renounce Religion


You were on level 2 of the Dungeon.
You worshipped Lugonu.
Lugonu was aware of your devotion.
You were not hungry.

You visited 1 branch of the dungeon, and saw 3 of its levels.
You visited the Abyss 1 time.

You collected 32 gold pieces.

Inventory:

Hand Weapons
 a - a +1 falchion (weapon)
Armour
 b - a +0 leather armour (worn)
Jewellery
 l - a cursed +3 ring of strength {unknown}
Scrolls
 d - a scroll of fog {unknown}
 f - a scroll of fear {unknown}
 g - a scroll of teleportation {unknown}
 i - a scroll of enchant weapon {unknown}
 j - a scroll of immolation {unknown}
 m - a scroll of identify {unknown}
 n - a scroll of remove curse {unknown}
Potions
 e - a potion of resistance
 h - a potion of heal wounds
 k - a potion of lignification {unknown}
 o - a potion of brilliance {unknown}
 p - a potion of curing {unknown}
 q - a potion of might {unknown}
Comestibles
 c - 6 rations


   Skills:
 - Level 3.0 Fighting
 * Level 3.0 Long Blades
 - Level 1.7 Armour
 - Level 0.8 Dodging
 + Level 3.3 Invocations


You had 2 spell levels left.
You didn't know any spells.

Dungeon Overview and Level Annotations

Branches:
Dungeon (3/15)

Altars:

Annotations:
D:2 Jessica


Innate Abilities, Weirdness & Mutations

You are partially covered in iridescent scales. (AC +2)


Message History

Jessica shouts, "You are a ghastly nuisance!"
Jessica closely misses you. Jessica casts a spell at you.
Pain shoots through your body! Jessica hits you but does no damage.
You closely miss Jessica.
Jessica is moderately wounded.
Jessica hits you but does no damage. Jessica barely misses you.
You barely miss Jessica.
Jessica is moderately wounded.
Jessica gestures at you while chanting. Pain shoots through your body!
Jessica hits you with a club.
You hit Jessica.
Jessica is severely wounded.
Jessica hits you with a club. x2; Jessica hits you but does no damage.
You barely miss Jessica.
Jessica is severely wounded.
Jessica closely misses you.
Jessica points at you and mumbles some strange words.
Pain shoots through your body!
You die...

#. ## .### #. ........
#.###########....>...
####....................
........................
####....................
#.......................
+.....@.................
#.....#@................
#.....#.................
#+
.......#..........#......
#.#
##.....#########'##....##
#.### ####.# #.........
#.#.. #. #####....# #.#.#
#.##.. #.#.# #.####
#.#.#####.# #.....


You could see Jessica.

Vanquished Creatures
  2 adders
  A giant cockroach (D:1)
  A goblin (D:1)
  2 hobgoblins
  5 kobolds
  4 bats
  5 frilled lizards
  A rat (D:1)
21 creatures vanquished.

Notes
Turn   | Place    | Note
-------+----------+-------------------------------------------
     0 | Abyss:1  | 4FPSwarrior the Demonspawn Abyssal Knight began the quest for the Orb.
     0 | Abyss:1  | Reached XP level 1. HP: 18/18 MP: 2/2
    76 | Abyss:1  | Noticed a worldbinder
    92 | Abyss:1  | Noticed a wretched star
    97 | D:1      | Escaped the Abyss
   536 | D:1      | Gained mutation: You are partially covered in iridescent scales. (AC +2) [demonic ancestry]
   536 | D:1      | Reached XP level 2. HP: 24/24 MP: 4/4
  1063 | D:3      | Reached * piety under Lugonu
  1457 | D:2      | Reached XP level 3. HP: 28/29 MP: 5/5
  1519 | D:2      | Noticed Jessica
  1529 | D:2      | Killed from afar by Jessica

Skill      XL: |  1  2  3 |
---------------+----------+-----
Long Blades    | 2 3 |  3.0
Invocations    | 3 |  3.3
Fighting       | |  3.0
Armour         | |  1.7
Dodging        | |  0.8

Action                   || total
-------------------------++-------
Melee: Falchion          ||    68
Invok: Depart the Abyss  ||     1
  Use: Potion            ||     2
  Eat: Chunk             ||     2
Armor: Leather armour    ||    34
Dodge: Dodged            ||    46
       Rpst.: Falchion   ||    15
